 Dungeon Crawl Stone Soup version 0.28-a0-1594-ga885d4b3d6 (webtiles) character file.

Game seed: 6149145007726064709

777 frimble the Grasshopper (level 7, 0/52 HPs)
             Began as a Demonspawn Warper on Jan 21, 2022.
             Slain by a sky beast (6 damage)
             ... on level 5 of the Dungeon.
             The game lasted 00:04:55 (5132 turns).

frimble the Grasshopper (Demonspawn Warper)         Turns: 5132, Time: 00:04:56

Health: 0/52       AC:  3    Str: 13    XL:     7   Next: 54%
Magic:  10/10      EV: 12    Int: 15    God:
Gold:   194        SH:  0    Dex: 12    Spells: 10/10 levels left

rFire   . . .      SeeInvis .   g - +2 short sword (drain)
rCold   . . .      Faith    .   (no shield)
rNeg    . . .      Spirit   .   b - +0 leather armour
rPois   .          Reflect  .   (no helmet)
rElec   .          Harm     .   (no cloak)
rCorr   .          Rampage  .   (no gloves)
Will    .....                   u - +0 pair of boots
Stlth   ++........              i - amulet of magic regeneration
HPRegen 0.17/turn               (no ring)
MPRegen 0.64/turn               (no ring)

@: corroded
A: hooves 2, yellow scales 2, magic regeneration
a: no special abilities


You were on level 5 of the Dungeon.
You visited 1 branch of the dungeon, and saw 5 of its levels.

You collected 218 gold pieces.
You spent 24 gold pieces at shops.

Inventory:

Hand Weapons
 a - a +0 short sword
 g - a +2 short sword of draining (weapon)
Missiles
 d - 4 boomerangs of dispersal (quivered)
 v - 5 boomerangs
Armour
 b - a +0 leather armour (worn)
 u - a +0 pair of boots (worn)
Jewellery
 i - an amulet of magic regeneration (around neck)
Wands
 o - a wand of charming (6)
 t - a wand of iceblast (10)
Scrolls
 c - a scroll of blinking
 h - a scroll of enchant weapon
 j - 4 scrolls of fog
 m - 2 scrolls of identify
 q - a scroll of brand weapon {unknown}
 r - a scroll of holy word {unknown}
 x - a scroll of teleportation
 y - a scroll of amnesia {unknown}
Potions
 e - 2 potions of mutation
 f - a potion of flight
 k - 2 potions of curing
 l - a potion of heal wounds {unknown}
 n - a potion of lignification {unknown}
 p - a potion of attraction {unknown}
 s - a potion of invisibility {unknown}
 w - a potion of degeneration {unknown}
 z - a potion of brilliance {unknown}


   Skills:
 + Level 3.4 Fighting
 - Level 4.0 Short Blades
 - Level 0.8 Throwing
 - Level 0.8 Armour
 - Level 2.5 Dodging
 - Level 3.0 Stealth
 - Level 2.0 Spellcasting
 - Level 5.0 Translocations
 - Level 3.0 Evocations


You had 10 spell levels left.
You didn't know any spells.
Your spell library contained the following spells:

 Spells                   Type           Power      Damage    Failure   Level
 Blink                    Tloc           32%        N/A       5%          2
 Gell's Gravitas          Tloc           16%        N/A       11%         3
 Lesser Beckoning         Tloc           16%        N/A       11%         3
 Teleport Other           Tloc           16%        N/A       11%         3
 Magic Dart               Conj           4%         1d3       28%         1
 Portal Projectile        Hex/Tloc       18%        N/A       30%         3
 Call Imp                 Summ           1%         N/A       38%         2
 Mephitic Cloud           Conj/Pois/Air  1%         N/A       63%         3
 Manifold Assault         Tloc           16%        N/A       69%         5
 Blade Hands              Tmut           0%         N/A       100%        5
 Excruciating Wounds      Necr           0%         N/A       100%        5


Dungeon Overview and Level Annotations

Branches:
Dungeon (5/15)             Temple (0/1) D:5

Altars:
Fedhas
Makhleb
Nemelex Xobeh
Sif Muna

Shops:
D:2 ?


Innate Abilities, Weirdness & Mutations

You have hoof-like feet.
You are mostly covered in yellow scales. (AC +3)
You regenerate magic rapidly.


Message History

You are too injured to fight recklessly!
You are too injured to fight recklessly!
You are too injured to fight recklessly!
You are too injured to fight recklessly!
You are too injured to fight recklessly!
You are too injured to fight recklessly!
You are too injured to fight recklessly!
You are too injured to fight recklessly!
You are too injured to fight recklessly!
You are too injured to fight recklessly!
You are too injured to fight recklessly!
You are too injured to fight recklessly!
You are too injured to fight recklessly!
You are too injured to fight recklessly!
You are too injured to fight recklessly!
You completely miss the sky beast.
The sky beast is lightly wounded.
The sky beast closely misses you.
You hit the sky beast but do no damage.
The sky beast is lightly wounded.
The sky beast barely misses you.
You hit the sky beast but do no damage.
The sky beast is lightly wounded.
The sky beast hits you. The sky beast shocks you.
You hit the sky beast but do no damage.
The sky beast is lightly wounded.
The sky beast hits you. The sky beast shocks you.
You hit the sky beast.
The sky beast is lightly wounded.
The sky beast flickers out of sight!
Deactivating autopickup; reactivate with Ctrl-A.
Something hits you.
* * * LOW HITPOINT WARNING * * *
Something shocks you.
* * * LOW HITPOINT WARNING * * *
You closely miss something. Something completely misses you.
You barely miss something. Something hits you.
* * * LOW HITPOINT WARNING * * *
Something shocks you.
You die...

. .##.... .. #....
########+### ... #...≈
#..........# (...#....
...........### .........
.............# ...#.....
...........# ########..
.......{...# .≈≈≈≈≈..#.
#.##.##@...# ≈.....≈.#.
.....#....##.§.≈§§.≈.##
............#.≈≈...§≈.#.
...⌠..###...#.≈≈._.≈≈.##
...... #...#.≈≈...≈§.#
.>... #...#.§.≈§§.≈§##
..... #...#.≈.....§§#.
...⌠ #...#..≈§≈≈≈..#.
.... #....#########..


There were no monsters in sight!

Vanquished Creatures
  Sigmund (D:4)
  An ice beast (D:4)
  A sky beast (D:5)
  A scorpion (D:4)
  A howler monkey (D:4)
  A centaur zombie (D:4)
  3 jellies
  A hound (D:4)
  An iguana (D:4)
  A hound skeleton (D:4)
  9 adders
  An ufetubus (D:4)
  3 worms
  4 dart slugs
  5 orcs
  8 ball pythons
  12 bats
  5 endoplasms
  5 giant cockroaches
  4 hobgoblins
  A jackal (D:3)
  7 quokkas
  3 frilled lizards
  4 goblins
  13 kobolds
  7 rats
103 creatures vanquished.

Vanquished Creatures (collateral kills)
  A water moccasin skeleton (D:4)
1 creature vanquished.

Vanquished Creatures (others)
  2 plants (D:4)
2 creatures vanquished.

Grand Total: 106 creatures vanquished

Notes
Turn   | Place    | Note
-------+----------+-------------------------------------------
     0 | D:1      | frimble the Demonspawn Warper began the quest for the Orb.
     0 | D:1      | Reached XP level 1. HP: 16/16 MP: 3/3
    85 | D:1      | Gained mutation: You have large cloven feet. [demonic
                  | ancestry]
    85 | D:1      | Reached XP level 2. HP: 22/22 MP: 5/5
   927 | D:2      | Gained mutation: You have hoof-like feet. [demonic
                  | ancestry]
   927 | D:2      | Reached XP level 3. HP: 27/27 MP: 6/6
  1458 | D:2      | Found a shimmering blue altar of Sif Muna.
  1676 | D:2      | Gained mutation: You are partially covered in yellow
                  | scales. (AC +2) [demonic ancestry]
  1676 | D:2      | Reached XP level 4. HP: 33/33 MP: 7/7
  1716 | D:2      | Found Pyampax's Magic Scroll Shoppe.
  1721 | D:2      | Bought a scroll of identify for 24 gold pieces
  2570 | D:3      | Reached skill level 1 in Stealth
  2764 | D:3      | Found a faded altar of an unknown god.
  2905 | D:3      | Gained mutation: You regenerate magic rapidly. [demonic
                  | ancestry]
  2905 | D:3      | Reached XP level 5. HP: 37/38 MP: 8/8
  3132 | D:4      | Noticed Sigmund
  3139 | D:4      | Killed Sigmund
  3140 | D:4      | Reached skill level 4 in Translocations
  3140 | D:4      | Gained mutation: You are mostly covered in yellow scales.
                  | (AC +3) [demonic ancestry]
  3140 | D:4      | Reached XP level 6. HP: 35/44 MP: 9/9
  3579 | D:4      | Found a blossoming altar of Fedhas.
  3708 | D:4      | Noticed an ice beast
  3736 | D:4      | Reached skill level 5 in Translocations
  3736 | D:4      | Reached skill level 1 in Evocations
  3742 | D:4      | Reached XP level 7. HP: 8/50 MP: 10/10
  4186 | D:4      | Found a burning altar of Makhleb.
  4969 | D:5      | Entered Level 5 of the Dungeon
  5037 | D:5      | Found a sparkling altar of Nemelex Xobeh.
  5116 | D:5      | Found a staircase to the Ecumenical Temple.
  5132 | D:5      | Slain by a sky beast

Illustrated notes

Levels and vault maps discovered:
D:1:      lemuel_arrival_river_ford, layout_loops_ring
D:2:      layout_loops_cross, serial_shops, nicolae_shop_hallway_stairs,
          basic_altar
D:3:      minmay_chambers_of_threes, layout_loops_ring, basic_ecumenical_altar,
          minmay_circle_x
D:4:      minmay_razor_zed, layout_basic,
          mainiacjoe_overflow_concentric_impassable, fedhas_ov_isle_minmay,
          hangedman_decor_slide_cut, uniq_sigmund
D:5:      layout_basic, mainiacjoe_overflow_paths,
          minmay_temple_entry_large_hall, ebering_ghost_inner_flame

Skill      XL: |  1  2  3  4  5  6  7 |
---------------+----------------------+-----
Short Blades   | 2 3 4 |  4.0
Dodging        | 2 |  2.5
Stealth        | 1 3 |  3.0
Translocations | 4 5 |  5.0
Evocations     | 1 3 |  3.0
Fighting       | 3 |  3.4
Throwing       | |  0.8
Armour         | |  0.8
Spellcasting   | |  2.0

Action                   |  1- 3 |  4- 6 |  7- 9 || total
-------------------------+-------+-------+-------++-------
Melee: Short sword       |   121 |   141 |    73 ||   335
       Punch             |     1 |       |     1 ||     2
       Kick              |    13 |    37 |     9 ||    59
Throw: Boomerang         |       |     1 |       ||     1
Evoke: Wand              |       |     3 |       ||     3
  Use: Scroll            |     2 |     5 |       ||     7
 Stab: Sleeping          |     2 |     3 |     2 ||     7
Armor: Leather armour    |    38 |    50 |    29 ||   117
Dodge: Dodged            |    90 |    73 |    32 ||   195

Table legend: (Time is in decaauts)
 A = Elapsed time spent in this place.
 B = Non-inter-level travel time spent in this place.
 C = Inter-level travel time spent in this place.
 D = Time resting spent in this place.
 E = Time spent auto-exploring this place.
 F = Levels seen in this place.
 G = Mean time per level.
                   A        B        C        D        E       F      G
               +--------+--------+--------+--------+--------+-----+--------+
         Total |   5108 |   4950 |    158 |      0 |   4219 |   5 | 1021.6 |
       Dungeon |   5108 |   4950 |    158 |      0 |   4219 |   5 | 1021.6 |
               +--------+--------+--------+--------+--------+-----+--------+

Top non-repeatable levels by time:
     D:4: 1799 daAuts
     D:3: 1327 daAuts
     D:2: 1060 daAuts
     D:1: 761 daAuts
     D:5: 159 daAuts
